 Dungeon Crawl Stone Soup version 0.27-a0-1202-ge72e49191c (webtiles) character file.

Game seed: 15188287728472231851

819 deadmanwalking the Twirler (level 7, -1/48 (50) HPs)
             Began as a Demonspawn Gladiator on June 2, 2021.
             Was an Initiate of Kikubaaqudgha.
             Slain by a gnoll sergeant
             ... wielding a +1 trident of protection
              (4 damage)
             ... on level 6 of the Dungeon.
             The game lasted 00:19:50 (8793 turns).

deadmanwalking the Twirler (Demonspawn Gladiator)   Turns: 8793, Time: 00:19:51

HP:   -1/48 (50)    AC:  9    Str: 12      XL:     7   Next: 63%
MP:   11/11         EV: 11    Int:  6 (7)  God:    Kikubaaqudgha [......]
Gold: 241           SH:  0    Dex: 19 (21) Spells: 11/12 levels left

rFire    . . .     SeeInvis .   a - +3 quarterstaff
rCold    + . .     Faith    .   (shield currently unavailable)
rNeg     + . .     Spirit   .   t - +4 ring mail "Duna" {Dex+4}
rPois    .         Reflect  .   z - +1 hat
rElec    .         Harm     .   i - scarf {repulsion}
rCorr    .         Rampage  .   A - +0 pair of gloves
Will     .....                  l - +0 pair of boots
Stlth    +.........             (no amulet)
HPRegen  0.16/turn              m - ring of protection from cold
MPRegen  0.12/turn              r - ring of positive energy

@: lightly drained, repel missiles
A: hooves 1, powered by death 1, demonic magic 1, agile 1, deformed body,
deterioration 1, dopey 2, mutation resistance 1, weak 1
a: Renounce Religion


You were on level 6 of the Dungeon.
You worshipped Kikubaaqudgha.
Kikubaaqudgha was noncommittal.
You visited 2 branches of the dungeon, and saw 7 of its levels.

You collected 241 gold pieces.

Inventory:

Hand Weapons
 a - a +3 quarterstaff (weapon)
 b - a +3 hunting sling
Missiles
 c - 6 javelins
 d - 2 throwing nets (quivered)
 e - 10 sling bullets
 f - 88 stones
 n - 56 arrows
 x - 27 bolts
Armour
 g - a +0 leather armour
 i - a scarf of repulsion (worn)
 l - a +0 pair of boots (worn)
 p - a +0 buckler
 t - the +4 ring mail "Duna" (worn) {Dex+4}
   (You found it on level 4 of the Dungeon)

   It affects your dexterity (+4).
 z - a +1 hat (worn)
 A - a +0 pair of gloves (worn)
Magical Staves
 s - a staff of air
Jewellery
 m - a ring of protection from cold (left hand)
 r - a ring of positive energy (right hand)
 u - a ring of protection from fire
 v - a ring of ice
Scrolls
 k - a scroll of enchant armour {unknown}
 y - 2 scrolls of vulnerability
Potions
 h - a potion of haste
 j - a potion of brilliance
 o - 2 potions of ambrosia {unknown}
 q - 3 potions of lignification
 w - a potion of curing {unknown}


   Skills:
 - Level 2.0 Fighting
 * Level 6.0 Staves
 - Level 2.0 Throwing
 - Level 2.6 Dodging
 + Level 3.2 Spellcasting
 + Level 3.5 Summonings
 + Level 2.8 Necromancy


You had 11 spell levels left.
You knew the following spells:

 Your Spells              Type           Power      Damage    Failure   Level
a - Summon Small Mammal   Summ           20%        N/A       19%         1

Your spell library contained the following spells:

 Spells                   Type           Power      Damage    Failure   Level
 Call Imp                 Summ           5%         N/A       28%         2
 Call Canine Familiar     Summ           5%         N/A       50%         3
 Beastly Appendage        Tmut           0%         N/A       63%         1
 Wereblood                Tmut           0%         N/A       77%         2
 Summon Guardian Golem    Hex/Summ       3%         N/A       77%         3
 Spider Form              Tmut/Pois      0%         N/A       94%         3
 Summon Ice Beast         Ice/Summ       3%         N/A       99%         4
 Summon Lightning Spire   Summ/Air       3%         N/A       99%         4
 Ice Form                 Ice/Tmut       0%         N/A       100%        4
 Hydra Form               Tmut           0%         N/A       100%        5


Dungeon Overview and Level Annotations

Branches:
Dungeon (6/15)             Temple (1/1) D:4

Altars:
Ashenzari
Cheibriados
Dithmenos
Elyvilon
Fedhas
Gozag
Hepliaklqana
Kikubaaqudgha
Makhleb
Okawaru
Qazlal
Sif Muna
Uskayaw
Vehumet
Xom
Yredelemnul
Zin
The Shining One

Annotations:
D:4 1 runed translucent door, Crazy Yiuf


Innate Abilities, Weirdness & Mutations

You have large cloven feet.
You regenerate a little health from kills.
Spells you cast may paralyse adjacent enemies.
You are agile. (Dex +2)
Armour fits poorly on your strangely shaped body.
Your body sometimes deteriorates upon taking damage.
You are very dopey. (Int -4)
You are somewhat resistant to further mutation.
You are weak. (Str -2)


Message History

You hit the gnoll sergeant but do no damage.
The gnoll sergeant barely misses you. The gnoll barely misses you.
You hit the gnoll sergeant but do no damage.
The gnoll barely misses you. The gnoll sergeant closely misses you.
The gnoll hits you but does no damage.
You hit the gnoll sergeant.
The gnoll sergeant is lightly wounded.
The gnoll barely misses you.
The gnoll sergeant hits you with a +1 trident of protection.
Your body deteriorates!
You feel dopey. The gnoll closely misses you.
You sock the gnoll sergeant!
The gnoll sergeant is moderately wounded.
The gnoll hits you but does no damage.
The gnoll sergeant hits you with a +1 trident of protection.
The gnoll hits you but does no damage.
You hit the gnoll sergeant.
The gnoll sergeant is heavily wounded.
The gnoll hits you from afar with a +0 spear.
The gnoll barely misses you.
The gnoll sergeant hits you with a +1 trident of protection!
The gnoll completely misses you.
You closely miss the gnoll sergeant.
The gnoll sergeant is heavily wounded.
The gnoll hits you from afar with a +0 spear.
The gnoll misses you. The gnoll sergeant closely misses you.
The gnoll misses you. The gnoll hits you with a +3 flail.
* * * LOW HITPOINT WARNING * * *
You hit the gnoll sergeant but do no damage.
The gnoll sergeant is heavily wounded.
The gnoll hits you from afar with a +0 spear.
* * * LOW HITPOINT WARNING * * *
The gnoll closely misses you. The gnoll sergeant barely misses you.
The gnoll closely misses you. The gnoll hits you with a +3 flail.
* * * LOW HITPOINT WARNING * * *
Your body deteriorates!
You feel clumsy.
The gnoll sergeant hits you from afar with a +1 trident of protection.
You die...
Xom chortles!
Kikubaaqudgha rasps: "You have failed me!
Welcome... death!"

...######....... #...# ....#
#(...... ##### ..g.#####.(....#
.......##..(.##########
....##)...............# ...
....####[....g........# ....
###.###.......gg......# ..... #
#.....#....g........#### #.....
#.#..##......g@........###...#.
##...###...#.........##.##..###.
#........#.#..>..>...##......##.
#.....#....#####..######........
#..g....#..# ##.# #..........
#......## .# #.#...)#........
....(...# #...####.######.
##...(.## #..# ###.# #..
#.....(( ####.####...# #.#


You could see a gnoll sergeant and 4 gnolls.

Vanquished Creatures
  2 water moccasins (D:6)
  Blork the orc (D:6)
  A centaur zombie (D:5)
  2 hounds
  2 orc priests
  A centaur skeleton (D:4)
  A bullfrog skeleton (D:5)
  An iguana (D:5)
  2 orc wizards
  Terence (D:2)
  A killer bee zombie (D:6)
  A hound zombie (D:5)
  A gnoll (D:6)
  3 adders
  A white imp (D:6)
  An ufetubus (D:6)
  4 dart slugs
  11 orcs
  3 ball pythons
  6 endoplasms
  2 giant cockroaches (D:1)
  6 goblins
  7 hobgoblins
  14 jackals
  9 kobolds
  2 quokkas
  2 bats (D:1)
  A frilled lizard (D:1)
  5 rats
94 creatures vanquished.

Vanquished Creatures (collateral kills)
  A water moccasin skeleton (D:4)
1 creature vanquished.

Grand Total: 95 creatures vanquished

Notes
Turn   | Place    | Note
-------+----------+-------------------------------------------
     0 | D:1      | deadmanwalking the Demonspawn Gladiator began the quest for
                  | the Orb.
     0 | D:1      | Reached XP level 1. HP: 16/16 MP: 1/1
    56 | D:1      | Reached skill level 3 in Staves
    64 | D:1      | Gained mutation: You have large cloven feet. [demonic
                  | ancestry]
    64 | D:1      | Reached XP level 2. HP: 5/22 MP: 2/2
   529 | D:1      | Learned a level 1 spell: Summon Small Mammal
   851 | D:1      | Gained mutation: You regenerate a little health from kills.
                  | [demonic ancestry]
   851 | D:1      | Reached XP level 3. HP: 22/27 MP: 3/3
  1807 | D:2      | Reached skill level 1 in Summonings
  2132 | D:2      | Reached skill level 1 in Spellcasting
  2271 | D:2      | Reached skill level 4 in Staves
  2271 | D:2      | Gained mutation: Spells you cast may paralyse adjacent
                  | enemies. [demonic ancestry]
  2271 | D:2      | Reached XP level 4. HP: 31/33 MP: 5/5
  2385 | D:2      | Noticed Terence
  2398 | D:2      | Killed Terence
  3538 | D:3      | Found a faded altar of an unknown god.
  3546 | D:3      | Became a worshipper of Xom of Chaos
  3679 | D:4      | Found a runed translucent door.
  3680 | D:4      | Noticed Crazy Yiuf
  3748 | D:4      | Identified the +4 ring mail "Duna" {Dex+4}
  3864 | D:4      | Reached XP level 5. HP: 38/38 MP: 7/7
  3875 | D:4      | Found a glowing drain.
  3914 | D:4      | XOM: cast spell 'Shadow Creatures'
  4026 | D:4      | XOM: stat loss: -1 Str (13/14)
  4036 | D:4      | XOM: summons 3 hostile demons
  4242 | D:4      | Found a staircase to the Ecumenical Temple.
  4247 | Temple   | Entered the Ecumenical Temple
  4390 | Temple   | Fell from the grace of Xom
  4390 | Temple   | Became a worshipper of Kikubaaqudgha
  4688 | D:4      | XOM: summons 3 hostile shadow creatures
  4773 | D:4      | XOM: give mutation
  4773 | D:4      | Gained mutation: Armour fits poorly on your strangely
                  | shaped body. [Xom's mischief]
  4943 | D:5      | Entered Level 5 of the Dungeon
  5046 | D:5      | XOM: summons 2 hostile demons
  5047 | D:5      | Noticed a sun demon
  5047 | D:5      | Noticed an orange demon
  5280 | D:4      | Reached XP level 6. HP: 7/44 MP: 9/9
  5316 | D:4      | XOM: give mutations
  5316 | D:4      | Gained mutation: You are clumsy. (Dex -2) [Xom's mischief]
  5316 | D:4      | Gained mutation: You are somewhat resistant to further
                  | mutation. [Xom's mischief]
  5589 | D:4      | XOM: summons 2 hostile demons
  5862 | D:5      | Reached skill level 5 in Staves
  5862 | D:5      | Reached skill level 1 in Necromancy
  6559 | D:5      | XOM: give mutations
  6559 | D:5      | Lost mutation: You are clumsy. (Dex -2) [Xom's mischief]
  6559 | D:5      | Gained mutation: You sometimes lose the ability to read
                  | scrolls when taking damage. [Xom's mischief]
  6559 | D:5      | Gained mutation: You are dopey. (Int -2) [Xom's mischief]
  6559 | D:5      | Gained mutation: Your body sometimes deteriorates upon
                  | taking damage. [Xom's mischief]
  6779 | D:5      | XOM: god gift: 4 javelins
  7240 | D:6      | Noticed a water moccasin
  7249 | D:6      | Killed a water moccasin
  7282 | D:6      | Noticed a water moccasin
  7289 | D:6      | Killed a water moccasin
  7290 | D:6      | Reached XP level 7. HP: 38/50 MP: 9/11
  7516 | D:6      | XOM: 2-stop teleportation journey
  7543 | D:5      | XOM: give mutations
  7543 | D:5      | Gained mutation: You are very dopey. (Int -4) [Xom's
                  | mischief]
  7543 | D:5      | Gained mutation: You are weak. (Str -2) [Xom's mischief]
  7543 | D:5      | Gained mutation: You are agile. (Dex +2) [Xom's mischief]
  7543 | D:5      | Lost mutation: You sometimes lose the ability to read
                  | scrolls when taking damage. [Xom's mischief]
  8311 | D:6      | Noticed Blork the orc
  8327 | D:6      | Killed Blork the orc
  8328 | D:6      | Reached skill level 6 in Staves
  8450 | D:5      | XOM: summons 3 hostile shadow creatures
  8556 | D:5      | XOM: summons 1 hostile demon
  8793 | D:6      | Slain by a gnoll sergeant

Illustrated notes

Levels and vault maps discovered:
D:1:      minmay_arrival_diagonal_passages, layout_basic,
          minmay_misc_feat_doors, minmay_ruptured
D:2:      layout_loops_corners, wad_floor_pattern_untrapped, uniq_terence
D:3:      layout_basic, ebering_ecumenical_altar_webs
D:4:      layout_loops_corners, minmay_temple_entry_butterflies,
          portal_sewer_entry_e, uniq_crazy_yiuf_cottage
D:5:      layout_layer_cave, minivault_27
D:6:      layout_rooms, lemuel_tele_altar, minivault_22, uniq_blork_the_orc
Temple:   minmay_temple_bridge_d

Skill      XL: |  1  2  3  4  5  6  7 |
---------------+----------------------+-----
Throwing       | 2 |  2.0
Staves         | 3 4 5 6 |  6.0
Summonings     | 1 2 3 |  3.5
Spellcasting   | 1 2 3 |  3.2
Necromancy     | 2 |  2.8
Fighting       | |  2.0
Dodging        | |  2.6

Action                   |  1- 3 |  4- 6 |  7- 9 || total
-------------------------+-------+-------+-------++-------
Melee: Quarterstaff      |   110 |   144 |    66 ||   320
       Kick              |    14 |     3 |       ||    17
 Fire: Hunting sling     |       |    57 |    22 ||    79
Throw: Javelin           |       |     2 |       ||     2
       Throwing net      |       |       |     1 ||     1
  Use: Scroll            |     3 |    13 |       ||    16
 Stab: Sleeping          |     2 |     1 |       ||     3
Armor: Leather armour    |    21 |    10 |       ||    31
       Ring mail         |       |    60 |    31 ||    91
Dodge: Dodged            |    75 |    83 |    58 ||   216
       Repelled          |       |     3 |       ||     3

Table legend: (Time is in decaauts)
 A = Elapsed time spent in this place.
 B = Non-inter-level travel time spent in this place.
 C = Inter-level travel time spent in this place.
 D = Time resting spent in this place.
 E = Time spent auto-exploring this place.
 F = Levels seen in this place.
 G = Mean time per level.
                   A        B        C        D        E       F      G
               +--------+--------+--------+--------+--------+-----+--------+
         Total |   8824 |   8070 |    754 |      0 |   6776 |   7 | 1260.6 |
       Dungeon |   8607 |   7925 |    682 |      0 |   6695 |   6 | 1434.5 |
        Temple |    216 |    144 |     72 |      0 |     81 |   1 |  216.0 |
               +--------+--------+--------+--------+--------+-----+--------+

Top non-repeatable levels by time:
     D:5: 2473 daAuts
     D:1: 1729 daAuts
     D:4: 1722 daAuts
     D:2: 1143 daAuts
     D:3: 774 daAuts
     D:6: 764 daAuts
  Temple: 216 daAuts
